 Dungeon Crawl Stone Soup version 0.31-a0-66-ge618eeaa78 (webtiles) character file.

Game seed: 12508675841460310689

5 omnomnOMINOUS the Slasher (level 1, 0/11 HPs)
             Began as an Octopode Wanderer on May 22, 2023.
             Slain by a hobgoblin (4 damage)
             ... on level 1 of the Dungeon.
             The game lasted 00:00:24 (30 turns).

omnomnOMINOUS the Slasher (Octopode Wanderer)         Turns: 30, Time: 00:00:25

Health: 0/11       AC:  1    Str: 14    XL:     1   Next: 80%
Magic:  3/3        EV: 12    Int: 12    God:
Gold:   0          SH:  0    Dex: 10    Spells: 3/4 levels left

rFire   . . .        a - +2 falchion
rCold   . . .        (no shield)
rNeg    . . .        (helmet restricted)
rPois   .            (no amulet)
rElec   .            (no ring)
rCorr   .            (no ring)
SInv    .            (no ring)
Will    .....        (no ring)
Stlth   ++           (no ring)
HPRegen 0.21/turn    (no ring)
MPRegen 0.08/turn    (no ring)
                     (no ring)

%: no passive effects
@: no status effects
A: almost no armour, amphibious, 8 rings, camouflage 1, gelatinous body 1,
(nimble swimmer 1), tentacles
a: no special abilities


You were on level 1 of the Dungeon.
You visited 1 branch of the dungeon, and saw 1 of its levels.

Inventory:

Hand Weapons
 a - a +2 falchion (weapon)
Wands
 b - a wand of polymorph (5)
Potions
 c - a potion of heal wounds


   Skills:
 + Level 0.3 Fighting
 + Level 4.0 Long Blades
 - Level 1.0 Throwing
 + Level 0.3 Dodging
 - Level 2.0 Spellcasting
 + Level 0.3 Conjurations
 + Level 2.1 Air Magic
 - Level 1.1 Evocations


You had 3 spell levels left.
You knew the following spells:

 Your Spells              Type           Power      Damage    Failure   Level
a - Shock                 Conj/Air       12%        1d3       19%         1

Your spell library contained the following spells:

 Spells                   Type           Power      Damage    Failure   Level
 Mephitic Cloud           Conj/Pois/Air  2%         N/A       56%         3


Dungeon Overview and Level Annotations

Branches:
Dungeon (1/15)

Altars:


Innate Abilities, Weirdness & Mutations

You cannot wear most types of armour.
You are amphibious.
You can wear up to eight rings at the same time.
Your skin changes colour to match your surroundings (Stealth+).
Your rubbery body absorbs attacks. (AC +1, EV +1)
((You are camouflaged when in or above water. (Stealth+)))
You have tentacles for arms and can constrict up to eight enemies at once.


Message History

No target in view!
No target in view!
No target in view!
No target in view!
No target in view!
No target in view!
No target in view!
No target in view!
A hobgoblin and an endoplasm come into view.
There are monsters nearby!
There are monsters nearby!
A hobgoblin, a quokka, a frilled lizard and an endoplasm come into view.
You closely miss the hobgoblin. You grab the hobgoblin.
You constrict the hobgoblin, but do no damage.
The frilled lizard hisses angrily.
The endoplasm quivers.
The hobgoblin closely misses you.
The endoplasm quivers.
You hit the hobgoblin.
The hobgoblin is almost dead.
You constrict the hobgoblin.
You kill the hobgoblin!
The quokka closely misses you.
You barely miss the endoplasm. You squeeze the endoplasm.
The endoplasm is heavily wounded.
The hobgoblin shouts!
The quokka closely misses you. The endoplasm barely misses you.
You hit the endoplasm.
You kill the endoplasm!
The quokka barely misses you. The quokka closely misses you.
You hit the endoplasm. You squeeze the endoplasm.
You kill the endoplasm!
The frilled lizard unfolds its giant frill.
The quokka closely misses you.
You barely miss the frilled lizard. Your grab misses the frilled lizard.
The hobgoblin hits you. The frilled lizard barely misses you.
The quokka closely misses you.
You closely miss the frilled lizard. Your grab misses the frilled lizard.
The quokka bites you. The hobgoblin hits you.
You die...

#. #### ... . ... #.#.#
##. ... #.#.# ###..##.#
#.#.# #.......# #.#.# #
........#####.#.# .###
#......g...##.#.##.....
#......@##....#....#
#.....lr#####...########
#.......# #...........
#.......# #######.......
#.......# #.............
#.........#.##.....#....
#.......#...##.######...
#.......###..8.....8....
#..#.....#.. .


You could see a quokka, a hobgoblin and a frilled lizard.

Vanquished Creatures
  3 endoplasms (D:1)
  A hobgoblin (D:1)
4 creatures vanquished.

Notes
Turn   | Place    | Note
-------+----------+-------------------------------------------
     0 | D:1      | omnomnOMINOUS the Octopode Wanderer began the quest for the
                  | Orb.
     0 | D:1      | omnomnOMINOUS set off with the following items: a +2
                  | falchion, a wand of polymorph (5), a potion of heal wounds;
                  | and the following spell memorised: Shock; and the following
                  | spells available to memorise: Mephitic Cloud.
     0 | D:1      | Reached XP level 1. HP: 11/11 MP: 3/3
    30 | D:1      | Slain by a hobgoblin

Illustrated notes

Levels and vault maps discovered:
D:1:      scummos_arrival_simple_crosswalls, layout_basic,
          shapermc_ecumenical_altar_mp_vishouse

Action                     || total
---------------------------++-------
  Melee: Falchion          ||     8
         Tentacles         ||     3
         Constrict         ||     1
  Dodge: Dodged            ||     9

Table legend: (Time is in decaauts)
 A = Elapsed time spent in this place.
 B = Non-inter-level travel time spent in this place.
 C = Inter-level travel time spent in this place.
 D = Time resting spent in this place.
 E = Time spent auto-exploring this place.
 F = Levels seen in this place.
 G = Mean time per level.
                   A        B        C        D        E       F      G
               +--------+--------+--------+--------+--------+-----+--------+
         Total |     30 |     30 |      0 |      0 |     15 |   1 |   30.0 |
       Dungeon |     30 |     30 |      0 |      0 |     15 |   1 |   30.0 |
               +--------+--------+--------+--------+--------+-----+--------+

Top non-repeatable levels by time:
     D:1: 30 daAuts
